 Dungeon Crawl Stone Soup version 0.29.1-1-gd02db6906a (webtiles) character file.

Game seed: 731252493161386386

88 groovy9 the Skirmisher (level 4, -5/38 HPs)
             Began as a Gnoll Hunter on Sept 16, 2022.
             Slain by Duvessa
             ... wielding a +0 short sword
              (10 damage)
             ... on level 4 of the Dungeon.
             The game lasted 00:07:45 (2565 turns).

groovy9 the Skirmisher (Gnoll Hunter)               Turns: 2565, Time: 00:07:46

Health: -5/38      AC:  6    Str: 10    XL:     4   Next: 53%
Magic:  5/5        EV: 13    Int:  9    God:
Gold:   145        SH:  0    Dex: 17    Spells: 4/5 levels left

rFire   . . .      SeeInvis .   a - +0 shortbow
rCold   . . .      Faith    .   (shield currently unavailable)
rNeg    . . .      Spirit   .   c - +0 leather armour
rPois   .          Reflect  .   r - +1 helmet
rElec   .          Harm     .   (no cloak)
rCorr   .          Rampage  .   (no gloves)
Will    .....                   l - +0 pair of boots
Stlth   ++........              (no amulet)
HPRegen 0.12/turn               (no ring)
MPRegen 0.09/turn               (no ring)

@: no status effects
A: fangs 1, strong nose, distributed training
a: no special abilities


You were on level 4 of the Dungeon.
You visited 1 branch of the dungeon, and saw 4 of its levels.

You collected 145 gold pieces.

Inventory:

Hand Weapons
 a - a +0 shortbow (weapon)
Missiles
 k - 2 throwing nets
Armour
 c - a +0 leather armour (worn)
 l - a +0 pair of boots (worn)
 r - a +1 helmet (worn)
Jewellery
 g - an amulet of faith
Scrolls
 b - 2 scrolls of immolation
 e - a scroll of fog {unknown}
Potions
 h - a potion of brilliance
 i - a potion of berserk rage
 j - a potion of cancellation
 n - a potion of flight {unknown}
 o - 2 potions of magic
 p - 3 potions of curing
 s - a potion of might {unknown}
 t - a potion of mutation {unknown}


   Skills:
 + Level 4.7 Fighting
 + Level 1.2 Short Blades
 + Level 1.2 Long Blades
 + Level 1.2 Axes
 + Level 1.2 Maces & Flails
 + Level 1.2 Polearms
 + Level 1.2 Staves
 + Level 8.6 Ranged Weapons
 + Level 1.2 Throwing
 + Level 1.2 Armour
 + Level 4.7 Dodging
 + Level 2.6 Stealth
 + Level 1.2 Shields
 + Level 1.2 Unarmed Combat
 + Level 1.2 Spellcasting
 + Level 1.0 Conjurations
 + Level 1.0 Hexes
 + Level 1.0 Summonings
 + Level 1.0 Necromancy
 + Level 1.0 Translocations
 + Level 1.0 Transmutations
 + Level 1.0 Fire Magic
 + Level 1.0 Ice Magic
 + Level 1.0 Air Magic
 + Level 1.0 Earth Magic
 + Level 1.0 Poison Magic
 + Level 1.3 Invocations
 + Level 1.2 Evocations


You had 4 spell levels left.
You knew the following spells:

 Your Spells              Type           Power      Damage    Failure   Level
a - Slow                  Hex            8%         N/A       30%         1

Your spell library contained the following spells:

 Spells                   Type           Power      Damage    Failure   Level
 Confusing Touch          Hex            2%         N/A       67%         3
 Dazzling Flash           Conj/Hex       4%         N/A       67%         3
 Inner Flame              Hex/Fire       2%         N/A       67%         3
 Vampiric Draining        Necr           2%         2d6       67%         3
 Cause Fear               Hex            1%         N/A       97%         4
 Agony                    Necr           2%         N/A       100%        5
 Silence                  Hex/Air        1%         N/A       100%        5
 Discord                  Hex            1%         N/A       100%        8


Dungeon Overview and Level Annotations

Branches:
Dungeon (4/15)
 Temple: D:4-7

Altars:

Annotations:
D:4 Dowan, Duvessa


Innate Abilities, Weirdness & Mutations

You have very sharp teeth.
Your uncanny sense of smell can sniff out nearby items.
Your experience applies equally to all skills.


Message History

Duvessa attacks as you move away! Duvessa closely misses you.
Duvessa attacks as you move away! Duvessa closely misses you.
Duvessa attacks as you move away! Duvessa hits you with a +0 short sword.
Duvessa attacks as you move away! Duvessa barely misses you.
Fire: a) +0 shortbow
Press: ? - help, Q - select action, (/) - cycle Shift-Dir - straight line, f/p - Duvessa
Aim: Duvessa, wielding a +0 short sword and wearing a +0 scale mail (moderately wounded, 72% to hit)
You shoot an arrow. The arrow barely misses Duvessa.
The arrow hits Dowan but does no damage.
Duvessa hits you with a +0 short sword!
Fire: a) +0 shortbow
Press: ? - help, Q - select action, (/) - cycle Shift-Dir - straight line, f/p - Duvessa
Aim: Duvessa, wielding a +0 short sword and wearing a +0 scale mail (moderately wounded, 72% to hit)
You shoot an arrow. The arrow hits Duvessa!
Duvessa is heavily wounded.
Duvessa barely misses you.
Fire: a) +0 shortbow
Press: ? - help, Q - select action, (/) - cycle Shift-Dir - straight line, f/p - Duvessa
Aim: Duvessa, wielding a +0 short sword and wearing a +0 scale mail (heavily wounded, 72% to hit)
You shoot an arrow.
The arrow hits Duvessa but does no damage.
Duvessa is heavily wounded.
Duvessa hits you with a +0 short sword.
* * * LOW HITPOINT WARNING * * *
Fire: a) +0 shortbow
Press: ? - help, Q - select action, (/) - cycle Shift-Dir - straight line, f/p - Duvessa
Aim: Duvessa, wielding a +0 short sword and wearing a +0 scale mail (heavily wounded, 72% to hit)
You shoot an arrow.
The arrow hits Duvessa but does no damage.
Duvessa is heavily wounded.
Duvessa hits you with a +0 short sword.
* * * LOW HITPOINT WARNING * * *
Duvessa barely misses you.
Fire: a) +0 shortbow
Press: ? - help, Q - select action, (/) - cycle Shift-Dir - straight line, f/p - Duvessa
Aim: Duvessa, wielding a +0 short sword and wearing a +0 scale mail (moderately wounded, 72% to hit)
You shoot an arrow. The arrow hits Duvessa.
Duvessa is heavily wounded.
Duvessa hits you with a +0 short sword!
You die...

.#.##.####.# #.#
.#.##.# #.# #.#
.#.##.# #.# #.#
.#.##.# #.# #.#
......# #.# #.#
##.#### #.#####.#
......# #.....#.#
##.##.########.#.#
##..........##.#@#
..........#. #.#e#
#####.###.#e #.#e#
...#...# #. #.#.#
###.###.#.#. #.#.#
........#.#ยง##.#.#
#.#.#..........#.#
#.###.#.####.# #.#
.#....#.#


You could see Duvessa and Dowan.

Vanquished Creatures
  Robin (D:2)
  An adder (D:3)
  An orc (D:3)
  5 endoplasms
  A giant cockroach (D:3)
  11 goblins
  6 hobgoblins
  5 kobolds
  5 quokkas
  6 ball pythons
  4 bats
  7 frilled lizards
  9 rats
62 creatures vanquished.

Notes
Turn   | Place    | Note
-------+----------+-------------------------------------------
     0 | D:1      | groovy9 the Gnoll Hunter began the quest for the Orb.
     0 | D:1      | Reached XP level 1. HP: 20/20 MP: 1/1
   370 | D:1      | Reached XP level 2. HP: 25/26 MP: 2/2
   634 | D:1      | Reached XP level 3. HP: 31/31 MP: 3/3
  1198 | D:2      | Reached skill level 1 in Invocations
  1223 | D:2      | Learned a level 1 spell: Slow
  1236 | D:2      | Noticed Robin
  1245 | D:2      | Killed Robin
  1246 | D:2      | Reached skill level 1 in Short Blades
  1246 | D:2      | Reached skill level 1 in Long Blades
  1246 | D:2      | Reached skill level 1 in Axes
  1246 | D:2      | Reached skill level 1 in Maces & Flails
  1246 | D:2      | Reached skill level 1 in Polearms
  1246 | D:2      | Reached skill level 1 in Staves
  1246 | D:2      | Reached skill level 1 in Throwing
  1246 | D:2      | Reached skill level 1 in Armour
  1246 | D:2      | Reached skill level 1 in Shields
  1246 | D:2      | Reached skill level 1 in Unarmed Combat
  1246 | D:2      | Reached skill level 1 in Spellcasting
  1246 | D:2      | Reached skill level 1 in Evocations
  1525 | D:2      | Reached XP level 4. HP: 38/38 MP: 5/5
  2149 | D:3      | Reached skill level 1 in Conjurations
  2149 | D:3      | Reached skill level 1 in Hexes
  2149 | D:3      | Reached skill level 1 in Summonings
  2149 | D:3      | Reached skill level 1 in Necromancy
  2149 | D:3      | Reached skill level 1 in Translocations
  2149 | D:3      | Reached skill level 1 in Transmutations
  2149 | D:3      | Reached skill level 1 in Fire Magic
  2149 | D:3      | Reached skill level 1 in Ice Magic
  2149 | D:3      | Reached skill level 1 in Air Magic
  2149 | D:3      | Reached skill level 1 in Earth Magic
  2149 | D:3      | Reached skill level 1 in Poison Magic
  2442 | D:4      | Noticed Duvessa
  2442 | D:4      | Noticed Dowan
  2565 | D:4      | Slain by Duvessa

Illustrated notes

Levels and vault maps discovered:
D:1:      lemuel_arrival_muddy, layout_basic
D:2:      layout_loops_ring, uniq_robin
D:3:      layout_basic, minmay_cupped
D:4:      layout_basic, uniq_grinder, uniq_duvessa

Skill      XL: |  1  2  3  4 |
---------------+-------------+-----
Invocations    | 1 |  1.3
Short Blades   | 1 |  1.2
Long Blades    | 1 |  1.2
Axes           | 1 |  1.2
Maces & Flails | 1 |  1.2
Polearms       | 1 |  1.2
Staves         | 1 |  1.2
Throwing       | 1 |  1.2
Armour         | 1 |  1.2
Shields        | 1 |  1.2
Unarmed Combat | 1 |  1.2
Spellcasting   | 1 |  1.2
Evocations     | 1 |  1.2
Conjurations   | 1 |  1.0
Hexes          | 1 |  1.0
Summonings     | 1 |  1.0
Necromancy     | 1 |  1.0
Translocations | 1 |  1.0
Transmutations | 1 |  1.0
Fire Magic     | 1 |  1.0
Ice Magic      | 1 |  1.0
Air Magic      | 1 |  1.0
Earth Magic    | 1 |  1.0
Poison Magic   | 1 |  1.0
Fighting       | |  4.7
Ranged Weapons | |  8.6
Dodging        | |  4.7
Stealth        | |  2.6

Action                   |  1- 3 |  4- 6 || total
-------------------------+-------+-------++-------
 Fire: Shortbow          |   127 |    51 ||   178
 Cast: Slow              |       |     1 ||     1
  Use: Scroll            |       |     9 ||     9
Armor: Leather armour    |    10 |     3 ||    13
Dodge: Dodged            |    38 |    14 ||    52
